 Dungeon Crawl Stone Soup version 0.31-a0-1009-g454b1f1e0a (webtiles) character file.

Game seed: 17190099585378530567

5768 Queen the Cleaver (level 10, -3/90 HPs)
             Began as a Hill Orc Fighter on Nov 15, 2023.
             Was a Believer of Qazlal.
             Constricted to death by Amaemon (9 damage)
             ... on level 9 of the Dungeon.
             The game lasted 00:26:29 (15187 turns).

Queen the Cleaver (Hill Orc Fighter)               Turns: 15187, Time: 00:26:30

Health: -3/90      AC: 12    Str: 28    XL:     10   Next: 78%
Magic:  15/15      EV:  6    Int: 10    God:    Qazlal [**....]
Gold:   209        SH: 12    Dex: 10    Spells: 9/9 levels left

rFire   . . .        a - +1 hand axe (freeze)
rCold   . . .        F - +0 kite shield
rNeg    + . .        E - +2 ring mail "Woink" {rN+ Str+4 Int+2}
rPois   .            i - +2 hat
rElec   .            (no cloak)
rCorr   .            v - +0 pair of gloves
SInv    .            (no boots)
Will    .....        y - amulet of the acrobat Stlth
                     (no ring)
HPRegen 0.35/turn    (no ring)
MPRegen 0.14/turn

%: acrobat
@: lethally poisoned (-3 -> -36), grasped by roots, slowed, constricted, very
slow
A: no striking features
a: Renounce Religion, Upheaval


You were on level 9 of the Dungeon.
You worshipped Qazlal.
Qazlal was pleased with you.
You visited 2 branches of the dungeon, and saw 10 of its levels.

You collected 575 gold pieces.
You spent 366 gold pieces at shops.

Inventory:

Hand Weapons
 a - a +1 hand axe of freezing (weapon)
Missiles
 M - a throwing net
Armour
 i - a +2 hat (worn)
 o - a +0 scale mail of poison resistance
 v - a +0 pair of gloves (worn)
 E - the +2 ring mail "Woink" (worn) {rN+ Str+4 Int+2}
   (You found it on level 5 of the Dungeon)

   Str+4:     It affects your strength (+4).
   Int+2:     It affects your intelligence (+2).
   rN+:       It protects you from negative energy.
 F - a +0 kite shield (worn)
 H - the +0 helmet of Immorality {Contam rPois rC- Stlth+}
   (You bought it in a shop on level 6 of the Dungeon)

   rC-:       It makes you vulnerable to cold.
   rPois:     It protects you from poison Contam: It causes magical
   contamination when unequipped.
   Stlth+:    It makes you more stealthy.
Jewellery
 y - an amulet of the acrobat (around neck)
 D - a ring of flight
 G - a +6 ring of intelligence
Wands
 c - a wand of polymorph (10)
 x - a wand of paralysis (3)
 K - a wand of roots (6)
Scrolls
 e - a scroll of acquirement {unknown}
 g - 2 scrolls of blinking
 j - a scroll of butterflies {unknown}
 k - a scroll of noise {unknown}
 m - a scroll of poison {unknown}
 p - a scroll of fear {unknown}
 s - 2 scrolls of torment
 t - a scroll of fog {unknown}
 w - 2 scrolls of brand weapon {unknown}
 z - a scroll of revelation {unknown}
 A - 2 scrolls of immolation
 C - a scroll of amnesia {unknown}
 I - 4 scrolls of identify {@r1}
 L - a scroll of teleportation
Potions
 b - 5 potions of mutation
 d - a potion of might
 f - a potion of invisibility {unknown}
 l - 2 potions of attraction
 n - 2 potions of lignification {unknown}
 q - a potion of berserk rage {unknown}
 r - 2 potions of haste
 u - 2 potions of ambrosia
 B - 2 potions of resistance
 J - a potion of magic {unknown}


   Skills:
 + Level 8.6 Fighting
 * Level 12.4 Axes
 + Level 7.9 Armour
 + Level 7.8 Shields
 + Level 7.7 Invocations


You had 9 spell levels left.
You didn't know any spells.
Your spell library contained the following spells:

 Spells                   Type           Power      Damage    Failure   Level
 Apportation              Tloc           0%         N/A       67%         1
 Necrotise                Necr           0%         1d4       67%         1
 Summon Small Mammal      Summ           0%         N/A       67%         1
 Ensorcelled Hibernation  Hex/Ice        0%         N/A       80%         2
 Passwall                 Tmut/Erth      0%         N/A       80%         2
 Dazzling Flash           Conj/Hex       0%         N/A       95%         3
 Swiftness                Air            0%         N/A       95%         3
 Tukima's Dance           Hex            0%         N/A       95%         3
 Volatile Blastmotes      Fire/Tloc      0%         2d10      95%         3
 Fulminant Prism          Conj/Hex       0%         3d5       100%        4
 Iskenderun's Mystic Bla  Conj/Tloc      0%         2d3       100%        4
 Passage of Golubria      Tloc           0%         N/A       100%        4
 Yara's Violent Unravell  Hex/Tmut       0%         3d3       100%        5
 Starburst                Conj/Fire      0%         6d3       100%        6
 Maxwell's Capacitive Co  Air            0%         ∞         100%        8


Dungeon Overview and Level Annotations

Branches:
Dungeon (9/15)             Temple (1/1) D:6
   Lair: D:8-11         Orc: D:9-12

Altars:
Ashenzari
Cheibriados
Dithmenos
Elyvilon
Fedhas
Gozag
Hepliaklqana
Kikubaaqudgha
Makhleb
Nemelex Xobeh
Okawaru
Qazlal
Ru
Sif Muna
Trog
Uskayaw
Vehumet
Wu Jian
Xom
Yredelemnul
Zin
The Shining One

Shops:
D:2 [   D:6 ?[!

Annotations:
D:3 exclusion: 2 downstairs
D:8 1 runed translucent door, BinkBink's ghost, novice DsFi
D:9 Amaemon


Message History

Amaemon attacks as he pursues you! Amaemon misses you.
Amaemon completely misses you. Amaemon tail-slaps you.
* * * LOW HITPOINT WARNING * * *
You are more poisoned.
Amaemon poisons you!
Amaemon shouts, "You think you're better than me?"
Amaemon barely misses you. You block Amaemon's attack. x2
Okay, then.
Okay, then.
You feel much better.
* * * LOW HITPOINT WARNING * * *
You feel extremely sick.
The orange demon stings you but does no damage.
Amaemon zaps a wand.
The roots erupt in riotous growth!
The grasping roots grab you!
Amaemon is unaffected.
The grasping roots constrict you.
* * * LOW HITPOINT WARNING * * *
You block the orange demon's attack.
You feel much better.
* * * LOW HITPOINT WARNING * * *
You feel extremely sick.
You block Amaemon's attack. x3; The grasping roots constrict you.
The orange demon stings you but does no damage.
Amaemon hits you with a -2 demon whip of venom.
* * * LOW HITPOINT WARNING * * *
You are more poisoned.
Amaemon barely misses you. Amaemon tail-slaps you.
* * * LOW HITPOINT WARNING * * *
The grasping roots constrict you!
* * * LOW HITPOINT WARNING * * *
You feel much better.
* * * LOW HITPOINT WARNING * * *
You feel extremely sick.
The orange demon no longer looks unusually toxic.
The orange demon stings you from afar!
* * * LOW HITPOINT WARNING * * *
Amaemon hits you but does no damage.
You are more poisoned.
You block Amaemon's attack. x2; The grasping roots constrict you!
You die...

..........####'###......≈≈#####
..######..#......#...<..≈≈#####
#.# #..#......#.......≈≈≈≈≈## #'#
#..#......#....#...K..≈≈## #)###
#..#......#....#####...≈≈#
))).####..#......+....# ##K..≈≈
†..)##....#......#....# #≈≈...≈
._..##....#......#....# #§§≈≈...
....##....#.....@#....# #≈§≈≈≈#K.
≈≈§§##....#....<.6s...##§≈§§≈###.
≈≈≈§##....########4...#P≈§§§## #.
≈.§≈##................#PP≈§# #.
#.#≈##................#|PP# #.
))))##................#### ###
#...............(... ...
#..#####..######..... K..
#..#...#..# ..... ...


You could see Amaemon, an orange demon and a scorpion (summoned, curare).

Vanquished Creatures
  Erolcha (D:9)
  Maurice (D:9)
  A rime drake (D:9)
  2 kobold demonologists (D:8)
  Prince Ribbit (D:9)
  A spriggan (D:7)
  A shadow (D:9)
  2 steam dragons
  2 water moccasins (D:7)
  A black bear (D:4)
  2 orc warriors (D:8)
  A sky beast (D:7)
  2 ice beasts
  2 ogres (D:4)
  A centaur (D:7)
  A phantom (D:6)
  2 kobold brigands
  5 bullfrogs
  A gnoll sergeant (D:9)
  3 scorpions
  4 wights (D:5)
  5 killer bees
  2 howler monkeys (D:7)
  2 hounds (D:6)
  8 orc priests
  2 jellies
  A gnoll bouda (D:6)
  3 iguanas
  7 orc wizards
  13 gnolls
  3 adders
  2 shadow imps
  2 white imps
  2 ufetubi (D:6)
  5 worms
  4 dart slugs
  32 orcs
  6 ball pythons
  2 bats
  4 endoplasms
  3 giant cockroaches
  6 goblins
  7 hobgoblins
  4 jackals (D:2)
  2 quokkas (D:2)
  4 frilled lizards
  15 kobolds
  4 rats
187 creatures vanquished.

Notes
Turn   | Place    | Note
-------+----------+-------------------------------------------
     0 | D:1      | Queen the Hill Orc Fighter began the quest for the Orb.
     0 | D:1      | Reached XP level 1. HP: 19/19 MP: 1/1
   107 | D:1      | Reached skill level 3 in Axes
   161 | D:1      | Reached XP level 2. HP: 27/27 MP: 2/2
  1453 | D:2      | Reached XP level 3. HP: 33/33 MP: 3/3
  1818 | D:2      | Found Ehon's Armour Boutique.
  1835 | D:2      | Bought a +0 scale mail of poison resistance for 88 gold
                  | pieces
  1971 | D:2      | Identified the +11 sling of Res Nullius {antimagic, rElec
                  | rF+ rN+ Will+}
  2056 | D:2      | Reached skill level 4 in Axes
  2578 | D:2      | Found Ehon's Armour Boutique.
  3101 | D:2      | Reached XP level 4. HP: 40/40 MP: 4/4
  3409 | D:3      | Identified the +6 spear of Desertification {freeze, Str+2}
  3417 | D:3      | Found a stormy altar of Qazlal.
  3422 | D:3      | Became a worshipper of Qazlal Stormbringer
  3451 | D:3      | Reached XP level 5. HP: 37/47 MP: 5/5
  3706 | D:3      | Found a white marble altar of Elyvilon.
  3706 | D:3      | Found a shadowy altar of Dithmenos.
  3707 | D:3      | Found a burning altar of Makhleb.
  4072 | D:3      | Found a burning altar of Makhleb.
  4072 | D:3      | Found a white marble altar of Elyvilon.
  4073 | D:3      | Found a shadowy altar of Dithmenos.
  4147 | D:3      | Found a stormy altar of Qazlal.
  4491 | D:3      | Reached skill level 5 in Axes
  4491 | D:3      | Reached skill level 1 in Invocations
  4664 | D:4      | Reached XP level 6. HP: 53/53 MP: 7/7
  4739 | D:4      | Found a blossoming altar of Fedhas.
  4761 | D:4      | Noticed a black bear
  4775 | D:4      | Killed a black bear
  4932 | D:3      | Reached skill level 5 in Fighting
  4932 | D:3      | Reached skill level 6 in Axes
  5168 | D:4      | Reached XP level 7. HP: 48/61 MP: 8/8
  6208 | D:4      | Found a blossoming altar of Fedhas.
  6399 | D:5      | Entered Level 5 of the Dungeon
  6428 | D:5      | Identified the +2 ring mail "Woink" {rN+ Str+4 Int+2}
  6500 | D:5      | Reached skill level 5 in Armour
  6524 | D:5      | Reached skill level 7 in Axes
  6525 | D:5      | Reached skill level 5 in Shields
  7610 | D:6      | Found Lurphirry's Antique Armour Shoppe.
  7621 | D:6      | Reached XP level 8. HP: 70/70 MP: 10/10
  7724 | D:5      | Reached skill level 8 in Axes
  7819 | D:6      | Bought a fine helmet for 228 gold pieces
  7819 | D:6      | Identified the +0 helmet of Immorality {Contam rPois rC-
                  | Stlth+} (You bought it in a shop on level 6 of the Dungeon)
  7834 | D:6      | Found Xooggeji's Distillery.
  7965 | D:6      | Found a staircase to the Ecumenical Temple.
  8073 | Temple   | Entered the Ecumenical Temple
  8456 | D:6      | Reached * piety under Qazlal
  8467 | D:6      | Found a sparkling altar of Nemelex Xobeh.
  8471 | D:6      | Reached skill level 9 in Axes
  8506 | D:6      | Found Mulyklixtu's Magic Scroll Boutique.
  8522 | D:6      | Bought a scroll of identify for 20 gold pieces
  8522 | D:6      | Bought a scroll of teleportation for 30 gold pieces
  9050 | D:6      | Found a sparkling altar of Nemelex Xobeh.
  9116 | D:6      | Found Mulyklixtu's Magic Scroll Boutique.
  9290 | D:6      | Found a staircase to the Ecumenical Temple.
  9307 | D:6      | Found Lurphirry's Antique Armour Shoppe.
  9331 | D:6      | Found Xooggeji's Distillery.
  9846 | D:4      | Reached skill level 5 in Invocations
  9846 | D:4      | Reached XP level 9. HP: 48/78 MP: 12/12
 10119 | D:4      | Found a blossoming altar of Fedhas.
 11278 | D:7      | Reached skill level 10 in Axes
 11279 | D:7      | Found a glowing golden altar of the Shining One.
 11665 | D:7      | Found a glowing golden altar of the Shining One.
 12847 | D:8      | Found a runed translucent door.
 12847 | D:8      | Noticed a boulder beetle
 12847 | D:8      | Noticed BinkBink's ghost (novice DsFi)
 12951 | D:8      | Reached XP level 10. HP: 25/88 MP: 14/14
 13209 | D:8      | Noticed a kobold demonologist
 13209 | D:8      | Noticed a kobold demonologist
 13216 | D:8      | Killed a kobold demonologist
 13217 | D:8      | Reached skill level 11 in Axes
 13233 | D:8      | Killed a kobold demonologist
 14254 | D:9      | Paralysed by a hornet for 3 turns
 14261 | D:9      | Noticed Erolcha
 14261 | D:9      | Noticed Amaemon
 14533 | D:9      | Killed Erolcha
 14534 | D:9      | Reached skill level 12 in Axes
 14585 | D:9      | Noticed Maurice
 14612 | D:9      | Killed Maurice
 14691 | D:9      | Noticed Prince Ribbit
 14714 | D:9      | Killed Prince Ribbit
 14793 | D:9      | Reached ** piety under Qazlal
 14951 | D:9      | Found an ornate altar of the Wu Jian Council.
 15171 | D:9      | Noticed an orange demon
 15184 | D:9      | HP: 4/90 [Amaemon/-2 demon whip of venom (4)]
 15187 | D:9      | Constricted to death by Amaemon

Illustrated notes

Levels and vault maps discovered:
D:1:      zaba_arrival_water, layout_loops_ring, minmay_pentomino_s2
D:2:      layout_basic, serial_shops, shop_statue
D:3:      layout_loops_ring, mainiacjoe_overflow_24_doors,
          gammafunk_temple_overflow_claw, grunt_ministairs_2
D:4:      layout_loops_corners, fedhas_altar_1
D:5:      layout_basic
D:6:      layout_loops_corners, old_standard_altar,
          minmay_temple_entry_gardened_gates, serial_shops,
          nicolae_shop_just_a_little_nook, nicolae_shop_crystal, shop,
          kennysheep_generic_room_3
D:7:      layout_loops_corners, mainiacjoe_overflow_catwalk, the_hattery
D:8:      layout_loops_ring, ebering_ghost_inner_flame
D:9:      minmay_weird_star, layout_irregular_city,
          nicolae_wu_jian_glorious_leap, uniq_erolcha, uniq_maurice,
          uniq_amaemon, uniq_prince_ribbit1
Temple:   eino_narrow_crystal_temple

Skill      XL: |  1  2  3  4  5  6  7  8  9 10 |
---------------+-------------------------------+-----
Axes           | 3 4 5 6 7 9 10 12 | 12.4
Fighting       | 4 5 6 7 8 |  8.6
Armour         | 4 5 6 7 |  7.9
Shields        | 4 5 6 7 |  7.8
Invocations    | 1 2 3 5 6 7 |  7.7

Action                     |  1- 3 |  4- 6 |  7- 9 | 10-12 || total
---------------------------+-------+-------+-------+-------++-------
  Melee: War axe           |   110 |   118 |   351 |    77 ||   656
         Hand axe          |       |       |       |    20 ||    20
 Invoke: Upheaval          |       |       |       |     1 ||     1
  Evoke: Wand              |       |       |       |     1 ||     1
    Use: Scroll            |     2 |     3 |     5 |     2 ||    12
         Potion            |       |     2 |     2 |     4 ||     8
 Armour: Scale mail        |    85 |   111 |    34 |       ||   230
         Ring mail         |       |       |   190 |    62 ||   252
  Dodge: Dodged            |    64 |    82 |   124 |    31 ||   301
  Block: Buckler           |    20 |    33 |     9 |       ||    62
         Kite shield       |       |       |   147 |    60 ||   207

Table legend: (Time is in decaauts)
 A = Elapsed time spent in this place.
 B = Non-inter-level travel time spent in this place.
 C = Inter-level travel time spent in this place.
 D = Time resting spent in this place.
 E = Time spent auto-exploring this place.
 F = Levels seen in this place.
 G = Mean time per level.
                   A        B        C        D        E       F      G
               +--------+--------+--------+--------+--------+-----+--------+
         Total |  15368 |  14617 |    751 |   1809 |  10831 |  10 | 1536.8 |
       Dungeon |  15263 |  14512 |    751 |   1725 |  10831 |   9 | 1695.9 |
        Temple |    104 |    104 |      0 |     84 |      0 |   1 |  104.0 |
               +--------+--------+--------+--------+--------+-----+--------+

Top non-repeatable levels by time:
     D:4: 2697 daAuts
     D:8: 2093 daAuts
     D:6: 1792 daAuts
     D:3: 1737 daAuts
     D:7: 1654 daAuts
     D:1: 1620 daAuts
     D:2: 1581 daAuts
     D:5: 1225 daAuts
     D:9: 859 daAuts
  Temple: 104 daAuts
